 Dungeon Crawl Stone Soup version 0.18.1-48-g4cf74bf (console) character file.

58 Kloppie the Skirmisher (level 4, 0/24 HPs)
             Began as a Vine Stalker Fighter on July 3, 2016.
             Slain by an orc
             ... wielding a +0 trident
              (2 damage)
             ... on level 3 of the Dungeon.
             The game lasted 00:01:56 (1379 turns).

Kloppie the Skirmisher (Vine Stalker Fighter)       Turns: 1379, Time: 00:01:57

Health: 0/24       AC:  7    Str: 18    XL:     4   Next: 2%
Magic:  0/5        EV:  9    Int:  8    God:
Gold:   55         SH:  0    Dex: 15    Spells: 0 memorised, 3 levels left

rFire  . . .     SeeInvis .     a - +0 flail
rCold  . . .     Gourm    .     b - +0 scale mail
rNeg   . . .     Faith    .     (no shield)
rPois  .         Spirit   +     (no helmet)
rElec  .         Dismiss  .     (no cloak)
rCorr  .         Reflect  .     (no gloves)
SustAt .         Harm     .     q - +0 pair of boots
MR     .....                    (no amulet)
Stlth  ..........               (no ring)
                                (no ring)

@: not resistant to hostile enchantments, extremely unstealthy
A: fangs 2, regeneration 1, magic shield, antimagic bite, no device heal 3, rot
immunity
a: no special abilities


You were on level 3 of the Dungeon.
You were hungry.

You visited 1 branch of the dungeon, and saw 3 of its levels.

You collected 55 gold pieces.

Inventory:

Hand Weapons
 a - a +0 flail (weapon)
Armour
 b - a +0 scale mail (worn)
 c - a +0 shield
 q - a +0 pair of boots (worn)
Jewellery
 o - an uncursed ring of see invisible {unknown}
Scrolls
 e - 6 scrolls of identify {unknown}
 g - a scroll of fog {unknown}
 j - a scroll of remove curse {unknown}
 k - a scroll of enchant weapon {unknown}
 l - a scroll of random uselessness {unknown}
Potions
 d - a potion of might
 h - a potion of curing {unknown}
 i - a potion of lignification {unknown}
 n - a potion of mutation {unknown}
 p - a potion of flight {unknown}
Comestibles
 f - a bread ration
 m - a beef jerky
 r - 2 meat rations


   Skills:
 + Level 3.3 Fighting
 * Level 3.2 Maces & Flails
 - Level 2.4 Armour
 - Level 2.6 Shields


You had 3 spell levels left.
You didn't know any spells.

Dungeon Overview and Level Annotations

Branches:
Dungeon (3/15)

Altars:
The Shining One


Innate Abilities, Weirdness & Mutations

You have extremely sharp teeth.
Your natural rate of healing is unusually fast.
When hurt, damage is shared between your health and your magic reserves.
Your bite disrupts and absorbs the magic of your enemies.
Potions and wands cannot restore your health.
You are immune to rotting.


Message History

* * * LOW HITPOINT WARNING * * *
You barely miss the orc priest.
You bite the orc priest, but do no damage.
The orc priest is severely wounded.
The orc hits you from afar with a trident.
* * * LOW HITPOINT WARNING * * *
The orc priest hits you.
* * * LOW HITPOINT WARNING * * *
The orc hits you but does no damage.
You barely miss the orc priest. Your bite misses the orc priest.
The orc priest is severely wounded.
The orc priest hits you.
* * * LOW HITPOINT WARNING * * *
The orc hits you from afar with a trident.
* * * LOW HITPOINT WARNING * * *
You closely miss the orc priest. Your bite misses the orc priest.
The orc priest is severely wounded.
The orc priest barely misses you.
The orc hits you from afar with a trident.
You die...

#.........###..##
#.#...###.###.#.##
#......##.##..##.##
..#...###......##.# ####..#
####...#.## ## #..# ##...## .#
#..#######..##
.###...........####
.##...####.....o@.#
.......###.###.##.#
#.......##.###.##o# ########.#.
.........#.##...#.###.........o
.........+.............o.....#
.........#.##.o.#.###.#####..#
#.......##....o...# #.#
##.....#######.#### #.# ##...##
#.# #.#


You could see an orc priest and an orc.

Vanquished Creatures
  An orc priest (D:3)
  An ooze (D:2)
  A giant gecko (D:2)
  An orc (D:3)
  3 bats
  A giant cockroach (D:2)
  A goblin (D:1)
  3 hobgoblins
  5 kobolds
  3 giant newts
  5 rats
25 creatures vanquished.

Notes
Turn   | Place    | Note
--------------------------------------------------------------
     0 | D:1      | Kloppie the Vine Stalker Fighter began the quest for the Orb.
     0 | D:1      | Reached XP level 1. HP: 11/11 MP: 2/2
   324 | D:1      | Reached XP level 2. HP: 16/16 MP: 3/3
  1083 | D:2      | Reached XP level 3. HP: 20/20 MP: 4/4
  1264 | D:3      | Found a glowing golden altar of the Shining One.
  1366 | D:3      | Reached XP level 4. HP: 21/24 MP: 5/5
  1379 | D:3      | Slain by an orc

Skill      XL: |  1  2  3 |
---------------+----------+-----
Maces & Flails | 2 3 |  3.2
Fighting       | 3 |  3.3
Armour         | |  2.4
Shields        | |  2.6

Action                   |  1- 3 |  4- 6 || total
-------------------------+-------+-------++-------
Melee: Flail             |    57 |     6 ||    63
       Bite              |    10 |     4 ||    14
  Eat: Chunk             |     1 |       ||     1
Armor: Scale mail        |    28 |     2 ||    30
Dodge: Dodged            |    27 |     4 ||    31
